 Seeded DCSS version 0.30.1-11-g7821555f0a (webtiles) character file.

Game seed: 5 (custom seed)

14074 Kazon the Basher (level 12, 0/91 HPs)
             Began as a Human Fighter on Dec 3, 2023.
             Was a High Priest of Makhleb.
             Slain by a wolf (4 damage)
             ... on level 1 of the Lair of Beasts.
             The game lasted 01:04:10 (8365 turns).

Kazon the Basher (Human Fighter)                    Turns: 8365, Time: 01:04:11

Health: 0/91       AC: 19    Str: 20    XL:     12   Next: 40%
Magic:  0/27       EV:  7    Int:  9    God:    Makhleb [*****.]
Gold:   625        SH:  0    Dex: 19    Spells: 11/11 levels left

rFire   + . .        e - +1 great mace "Joujuuwk" {flame, Fragile rF+ Dex+5 Stlth+}
rCold   . . .        (shield currently unavailable)
rNeg    . . .        P - +0 plate armour
rPois   .            i - +0 helmet
rElec   .            (no cloak)
rCorr   .            K - +0 pair of gloves
SInv    .            (no boots)
Will    .....        C - amulet of guardian spirit Stlth
                     r - ring of magical power
HPRegen 0.35/turn    L - +4 ring of protection
MPRegen 0.20/turn

%: guardian spirit
@: no status effects
A: no striking features
a: Renounce Religion, Minor Destruction, Lesser Servant of Makhleb, Major
Destruction, Greater Servant of Makhleb


You were on level 1 of the Lair of Beasts.
You worshipped Makhleb.
Makhleb was extremely pleased with you.
You visited 3 branches of the dungeon, and saw 12 of its levels.
You also visited: Ossuary.

You collected 767 gold pieces.
You spent 142 gold pieces at shops.

Inventory:

Hand Weapons
 a - a +0 war axe
 e - the +1 great mace "Joujuuwk" (weapon) {flame, Fragile rF+ Dex+5 Stlth+}
   (You acquired it on level 1 of the Dungeon)

   Dex:       It affects your dexterity (+5).
   rF:        It protects you from fire.
   Fragile:   It will be destroyed if unequipped.
   Stlth:     It makes you more stealthy.
 f - a +1 hand axe of flaming
 q - a +2 vampiric dagger
 v - a +0 vampiric war axe
Missiles
 b - 2 throwing nets
 h - a stone
 k - 15 boomerangs (quivered)
Armour
 c - a +0 tower shield
 i - a +0 helmet (worn)
 K - a +0 pair of gloves (worn)
 M - +0 steam dragon scales
 P - a +0 plate armour (worn)
 R - a +0 cloak
Jewellery
 r - a ring of magical power (left hand)
 C - an amulet of guardian spirit (around neck)
 L - a +4 ring of protection (right hand)
Wands
 z - a wand of paralysis (1)
 N - a wand of digging (7)
 O - a wand of light (7)
 Q - a wand of polymorph (4)
 U - a wand of flame (7)
Scrolls
 l - 3 scrolls of blinking {unknown}
 m - a scroll of teleportation
 n - a scroll of identify
 p - 2 scrolls of magic mapping {unknown}
 s - 2 scrolls of summoning {unknown}
 y - 2 scrolls of fog {unknown}
 A - a scroll of torment {unknown}
 E - a scroll of poison {unknown}
 F - 2 scrolls of enchant armour {unknown}
 I - 2 scrolls of fear {unknown}
 J - a scroll of enchant weapon {unknown}
Potions
 d - a potion of might
 g - a potion of resistance
 j - 5 potions of curing
 o - 5 potions of flight {unknown}
 t - 2 potions of berserk rage {unknown}
 u - 2 potions of invisibility {unknown}
 w - 6 potions of heal wounds {unknown}
 x - a potion of cancellation
 B - a potion of lignification
 D - 4 potions of attraction {unknown}
 G - a potion of haste
 H - 3 potions of brilliance {unknown}
 S - a potion of ambrosia


   Skills:
 + Level 7.0 Fighting
 * Level 4.1 Long Blades
 + Level 2.4(6.9) Axes
 + Level 10.2(10.3) Maces & Flails
 + Level 6.2 Throwing
 + Level 6.8 Armour
 + Level 3.0 Dodging
 + Level 3.6 Stealth
 + Level 3.0 Shields
 * Level 8.2 Invocations
 * Level 7.1 Evocations


You had 11 spell levels left.
You didn't know any spells.
Your spell library contained the following spells:

 Spells                   Type           Power      Damage    Failure   Level
 Frozen Ramparts          Ice            0%         1d1       100%        3
 Ignite Poison            Fire/Tmut/Pois 0%         N/A       100%        3
 Ice Form                 Ice/Tmut       0%         N/A       100%        4
 Sticky Flame             Conj/Fire      0%         2d3       100%        4
 Summon Ice Beast         Ice/Summ       0%         N/A       100%        4
 Alistair's Intoxication  Tmut/Pois      0%         N/A       100%        5
 Borgnjor's Vile Clutch   Necr/Erth      0%         N/A       100%        5
 Summon Forest            Summ/Tloc      0%         N/A       100%        5
 Eringya's Noxious Bog    Tmut/Pois      0%         N/A       100%        6
 Summon Hydra             Summ           0%         N/A       100%        7
 Ignition                 Fire           0%         3d3       100%        8


Dungeon Overview and Level Annotations

Branches:
Dungeon (10/15)            Temple (1/1) D:4            Lair (1/5) D:8
Ossuary (visited)
    Orc: D:9-12

Altars:
Dithmenos
Fedhas
Gozag
Hepliaklqana
Makhleb
Okawaru
Qazlal
Sif Muna
Wu Jian
Xom
The Shining One

Shops:
D:8 *


Message History

Your hellwing hits the wolf. The wolf attacks as you move away!
The wolf bites you but does no damage.
The wolf bites your hellwing but does no damage.
The wolf barely misses your hellwing. The wolf bites your hellwing.
Your hellwing hits the wolf but does no damage. x2
The wolf barely misses your hellwing. The wolf bites your hellwing.
The wolf bites your hellwing!
Your hellwing closely misses the wolf. x2
The wolf barely misses your hellwing.
The wolf bites your hellwing but does no damage.
Your hellwing closely misses the wolf.
Your hellwing hits the wolf but does no damage.
Throw: 15 boomerangs
Press: ? - help, Q - select action, (/) - cycle Shift-Dir - straight line, f - wolf
Aim: a wolf (lightly wounded, 52% to hit)
You throw a boomerang. The boomerang barely misses the wolf.
Your hellwing hits the wolf.
Your hellwing barely misses the wolf.
The wolf barely misses you.
You thump the wolf! You burn the wolf.
The wolf is moderately wounded.
The wolf bites you but does no damage. The wolf barely misses you.
The wolf bites you.
You miss the wolf.
The wolf is moderately wounded.
The wolf closely misses you. The wolf bites you but does no damage.
The wolf barely misses you.
Your hellwing barely misses the wolf.
Your hellwing hits the wolf. The wolf bites you!
* * * LOW HITPOINT WARNING * * *
Unknown command.
You closely miss the wolf.
The wolf is moderately wounded.
The wolf bites you.
* * * LOW HITPOINT WARNING * * *
The wolf bites you but does no damage.
A basilisk comes into view.
Your hellwing hits the wolf! Your hellwing hits the wolf. The wolf bites you.
* * * LOW HITPOINT WARNING * * *
The wolf bites you.
* * * LOW HITPOINT WARNING * * *
The wolf bites you.
You die...

##††...# #.....# ##
#.....#
P#P###############.....#
.^............./.....(.#
....>......†...........##
.......(((............($#
.................:....(##
#...(....h@.>.........#
#....†..4h............#
#....†....####.###.....#
#..........# ### .....##
#..|.......# ....#
#.........## ....#
#.......... #........l.##
#.(........P


You could see a basilisk, 2 wolves and a friendly hellwing (summoned).

Vanquished Creatures
  Snorg (D:10)
  2 two-headed ogres
  Maurice (D:9)
  2 cane toads (Lair:1)
  An unseen horror (D:10)
  A komodo dragon (D:10)
  2 polar bears (D:8)
  A hornet (D:9)
  A shadow (D:9)
  Sigmund (D:4)
  3 vampires
  2 wyverns
  A yak (D:8)
  3 basilisks (D:8)
  A steam dragon (D:8)
  2 vampire mosquitoes (D:10)
  Duvessa (D:6)
  5 water moccasins
  An ice beast (D:8)
  An orc warrior (D:9)
  A sky beast (D:7)
  5 black bears
  8 wolves
  5 centaurs
  2 ogres
  An elf zombie (Ossuary)
  2 kobold brigands
  4 bullfrogs
  A gnoll sergeant (D:8)
  3 scorpions
  8 killer bees
  21 wights
  Dowan (D:6)
  4 howler monkeys
  A vampire bat (D:7)
  An electric eel (D:8)
  A wyvern simulacrum (D:8)
  A centaur zombie (Ossuary)
  6 hounds
  5 orc priests
  3 human zombies (Ossuary)
  A jelly (D:5)
  5 iguanas
  11 orc wizards
  4 ogre zombies (Ossuary)
  A centaur simulacrum (D:8)
  7 mummies (Ossuary)
  11 gnolls
  9 adders
  A shadow imp (D:8)
  A white imp (D:7)
  2 ufetubi
  A worm zombie (D:7)
  2 adder zombies (Ossuary)
  3 worms
  28 orcs
  12 bats
  9 endoplasms
  A giant cockroach (D:1)
  12 goblins
  7 hobgoblins
  11 jackals
  15 kobolds
  3 quokkas (D:4)
  6 ball pythons
  3 frilled lizards
  4 goblin zombies (Ossuary)
  6 hobgoblin zombies
  3 kobold zombies
  4 quokka zombies (Ossuary)
  4 rats
  4 rat zombies (Ossuary)
308 creatures vanquished.

Vanquished Creatures (collateral kills)
  A komodo dragon (D:10)
  2 shadows
  3 yaks (Lair:1)
  2 water moccasins (D:8)
  5 wolves (Lair:1)
  A bullfrog (Lair:1)
  2 wights (D:7)
16 creatures vanquished.

Grand Total: 324 creatures vanquished

Notes
Turn   | Place    | Note
-------+----------+-------------------------------------------
     0 | D:1      | Kazon the Human Fighter began the quest for the Orb.
     0 | D:1      | Reached XP level 1. HP: 18/18 MP: 1/1
    53 | D:1      | Identified a scroll of acquirement
    53 | D:1      | Acquired the +1 great mace "Joujuuwk" {flame, Fragile rF+
                  | Dex+5 Stlth+}
    75 | D:1      | Reached XP level 2. HP: 16/24 MP: 2/2
   189 | D:1      | Reached XP level 3. HP: 21/29 MP: 3/3
   648 | D:1      | Reached skill level 1 in Maces & Flails
   972 | D:2      | Reached XP level 4. HP: 32/35 MP: 4/4
   982 | D:2      | Reached skill level 1 in Throwing
  1074 | D:2      | Reached skill level 2 in Maces & Flails
  1378 | D:2      | Reached XP level 5. HP: 40/41 MP: 5/5
  1750 | D:3      | Found a blossoming altar of Fedhas.
  1819 | D:3      | Found a stormy altar of Qazlal.
  1914 | D:3      | Identified the +2 sling "Qeuhanocyt" {speed, rElec Str-3
                  | Dex+2}
  2103 | D:3      | Found a faded altar of an unknown god.
  2148 | D:4      | Found a staircase to the Ecumenical Temple.
  2157 | Temple   | Entered the Ecumenical Temple
  2174 | Temple   | Became a worshipper of Makhleb the Destroyer
  2229 | D:4      | Reached skill level 3 in Maces & Flails
  2229 | D:4      | Reached XP level 6. HP: 48/48 MP: 6/6
  2255 | D:4      | Noticed Sigmund
  2259 | D:4      | Killed Sigmund
  2260 | D:4      | Reached skill level 1 in Invocations
  2287 | D:4      | Noticed a black bear
  2294 | D:4      | Reached skill level 4 in Maces & Flails
  2301 | D:4      | Killed a black bear
  2302 | D:4      | Reached XP level 7. HP: 41/54 MP: 8/8
  2310 | D:4      | Found a hazy altar of Hepliaklqana.
  2311 | D:4      | Found a shadowy altar of Dithmenos.
  2311 | D:4      | Noticed a shadow
  2866 | D:5      | Entered Level 5 of the Dungeon
  2878 | D:5      | Reached skill level 1 in Evocations
  2941 | D:5      | Reached * piety under Makhleb
  2996 | D:5      | Reached skill level 5 in Maces & Flails
  3006 | D:5      | Reached XP level 8. HP: 60/60 MP: 9/9
  3014 | D:5      | Reached skill level 1 in Stealth
  3278 | D:6      | Noticed Dowan
  3279 | D:6      | Noticed Duvessa
  3290 | D:6      | Killed Duvessa
  3291 | D:6      | Reached skill level 1 in Dodging
  3295 | D:6      | Killed Dowan
  3461 | D:6      | Found a shimmering altar of Xom.
  3516 | D:6      | HP: 2/61 [poisoned by a water moccasin]
  3523 | D:6      | Reached XP level 9. HP: 9/66 MP: 7/11
  3612 | D:6      | Reached skill level 6 in Maces & Flails
  3782 | D:7      | Reached ** piety under Makhleb
  3851 | D:7      | Found a sand-covered staircase.
  3865 | Ossuary  | Entered an ossuary
  4057 | Ossuary  | Reached skill level 7 in Maces & Flails
  4128 | Ossuary  | Reached skill level 5 in Invocations
  4171 | Ossuary  | Reached *** piety under Makhleb
  4363 | D:7      | Reached skill level 5 in Throwing
  4501 | D:7      | Reached skill level 5 in Fighting
  4536 | D:7      | Reached XP level 10. HP: 74/74 MP: 13/13
  4585 | D:7      | Noticed a two-headed ogre
  4589 | D:7      | Killed a two-headed ogre
  4590 | D:7      | Reached skill level 8 in Maces & Flails
  4709 | D:7      | Reached skill level 5 in Armour
  5093 | D:8      | Found a staircase to the Lair.
  5160 | D:8      | Reached **** piety under Makhleb
  5161 | D:8      | Reached skill level 5 in Evocations
  5239 | D:8      | Reached XP level 11. HP: 30/79 MP: 11/15
  5547 | D:8      | Reached skill level 9 in Maces & Flails
  5617 | D:8      | Found Izo Qiri's Assorted Antiques.
  5660 | D:8      | Bought a sedimented brown potion for 26 gold pieces
  5660 | D:8      | Bought a curved iron wand for 116 gold pieces
  6432 | D:9      | Reached skill level 1 in Long Blades
  6591 | D:9      | Noticed Maurice
  6600 | D:9      | Killed Maurice
  6834 | D:9      | Reached ***** piety under Makhleb
  7124 | D:10     | Entered Level 10 of the Dungeon
  7297 | D:10     | Noticed Snorg
  7311 | D:10     | Killed Snorg
  7647 | D:10     | Found a shimmering blue altar of Sif Muna.
  7787 | D:10     | Reached XP level 12. HP: 89/89 MP: 17/17
  7816 | D:10     | Noticed a two-headed ogre
  7824 | D:10     | Killed a two-headed ogre
  7825 | D:10     | Reached skill level 10 in Maces & Flails
  8158 | Lair:1   | Entered Level 1 of the Lair of Beasts
  8364 | Lair:1   | HP: 4/91 [wolf (4)]
  8365 | Lair:1   | Slain by a wolf

Illustrated notes

Levels and vault maps discovered:
D:1:      ebering_trefoil_3fold, layout_basic, st_stairs_14, serial_bayou_ford_a
D:2:      layout_basic, hangedman_decor_growths, minmay_close_crescents
D:3:      layout_rooms, mainiacjoe_overflow_concentric_impassable,
          mainiacjoe_overflow_paths, shapermc_ecumenical_altar_acropolis,
          chequers_serial_rivers_micro_b
D:4:      layout_basic, riverfiend_overflow_shadow_ancestor,
          minmay_temple_entry_glass, uniq_sigmund
D:5:      layout_gridville
D:6:      layout_basic, xom_teletrap_fun, uniq_duvessa
D:7:      layout_loops_ring, enter_ossuary_3, roderic_batcave
D:8:      layout_layer_cave, minmay_lair_entry_grove, serial_shops,
          nicolae_lakefront_shop, serial_ice, serial_ice_o, serial_ice_d,
          serial_ice_k, serial_ice_a
D:9:      layout_loops_ring, nicolae_wwwww, uniq_maurice
D:10:     layout_irregular_city, led_sif_pool, uniq_snorg
Temple:   nicolae_temple_elliptical
Lair:1:   layout_big_grid, serial_bayou_pond_a

Skill      XL: |  1  2  3  4  5  6  7  8  9 10 11 12 |
---------------+-------------------------------------+-----
Maces & Flails | 1 2 3 4 5 7 8 9 10 | 10.2
Throwing       | 1 2 4 5 6 |  6.2
Fighting       | 4 5 6 7 |  7.0
Invocations    | 1 2 3 5 6 7 8 |  8.2
Evocations     | 1 2 3 5 6 7 |  7.1
Armour         | 4 5 6 |  6.8
Stealth        | 1 2 3 |  3.6
Dodging        | 1 2 3 |  3.0
Long Blades    | 2 4 |  4.1
Axes           | |  2.4
Shields        | |  3.0

Action                     |  1- 3 |  4- 6 |  7- 9 | 10-12 || total
---------------------------+-------+-------+-------+-------++-------
  Melee: War axe           |    28 |       |       |       ||    28
         Great mace        |    69 |    93 |   284 |   359 ||   805
         Unarmed           |       |       |       |     5 ||     5
  Throw: Stone             |       |     8 |    38 |    26 ||    72
         Dart              |       |       |    22 |    49 ||    71
         Boomerang         |       |       |    37 |    18 ||    55
 Invoke: Minor Destruction |       |       |     5 |    32 ||    37
         Lesser Servant of |       |       |       |     7 ||     7
  Evoke: Wand              |       |       |     2 |     5 ||     7
    Use: Scroll            |     2 |     1 |       |     7 ||    10
         Potion            |     1 |       |     1 |       ||     2
   Stab: Sleeping          |       |       |    12 |     4 ||    16
         Paralysed         |       |       |     1 |     5 ||     6
         Distracted        |       |       |       |     5 ||     5
         Confused          |       |       |       |     2 ||     2
 Armour: Scale mail        |    53 |    50 |   125 |    41 ||   269
         Plate armour      |       |       |       |   211 ||   211
         Steam dragon scal |       |       |       |    48 ||    48
  Dodge: Dodged            |    43 |    57 |   146 |   207 ||   453
  Block: Buckler           |    12 |       |       |       ||    12
